 Dungeon Crawl Stone Soup version 0.28-a0-1395-g4f6bc678fa (webtiles) character file.

Game seed: 13897555038886459119

95 benadryl the Sneak (level 4, -4/26 HPs)
             Began as a Kobold Enchanter on Jan 3, 2022.
             Killed from afar by an orc wizard (9 damage)
             ... with a magic dart
             ... on level 3 of the Dungeon on Jan 4, 2022.
             The game lasted 00:07:10 (2933 turns).

benadryl the Sneak (Kobold Enchanter)               Turns: 2933, Time: 00:07:11

Health: -4/26      AC:  2    Str:  7    XL:     4   Next: 97%
Magic:  7/7        EV: 15    Int: 16    God:
Gold:   111        SH:  0    Dex: 15    Spells: 7/7 levels left

rFire   . . .      SeeInvis .   a - +1 dagger
rCold   . . .      Faith    .   (no shield)
rNeg    . . .      Spirit   .   d - +0 robe
rPois   .          Reflect  .   (no helmet)
rElec   .          Harm     .   h - scarf {repulsion}
rCorr   .          Rampage  .   (no gloves)
Will    .....                   (no boots)
Stlth   ++++......              (no amulet)
HPRegen 0.08/turn               (no ring)
MPRegen 0.10/turn               (no ring)

@: flying, repel missiles
A: small, no large weapons, nightstalker 3
a: no special abilities


You were on level 3 of the Dungeon.
You visited 1 branch of the dungeon, and saw 3 of its levels.

You collected 111 gold pieces.

Inventory:

Hand Weapons
 a - a +1 dagger (weapon)
 b - a +3 hunting sling of freezing
Missiles
 k - 116 stones (quivered)
Armour
 d - a +0 robe (worn)
 h - a scarf of repulsion (worn)
 j - a +0 ring mail
Scrolls
 e - 2 scrolls of noise {unknown}
 l - a scroll of brand weapon {unknown}
 n - a scroll of enchant weapon {unknown}
 o - a scroll of enchant armour {unknown}
Potions
 c - a potion of haste
 f - 4 potions of curing {@q1}


   Skills:
 + Level 2.0 Fighting
 + Level 3.0 Short Blades
 - Level 2.4 Dodging
 * Level 6.0 Stealth
 - Level 2.1 Spellcasting
 - Level 3.0 Hexes


You had 7 spell levels left.
You didn't know any spells.
Your spell library contained the following spells:

 Spells                   Type           Power      Damage    Failure   Level
 Ensorcelled Hibernation  Hex/Ice        12%        N/A       17%         2
 Confusing Touch          Hex            11%        N/A       19%         3
 Tukima's Dance           Hex            11%        N/A       19%         3
 Foxfire                  Conj/Fire      4%         2x1d4     21%         1
 Dazzling Flash           Conj/Hex       12%        N/A       32%         3
 Inner Flame              Hex/Fire       6%         N/A       32%         3
 Conjure Flame            Conj/Fire      1%         6-21      52%         3
 Flame Wave               Conj/Fire      1%         2d4       90%         4


Dungeon Overview and Level Annotations

Branches:
Dungeon (3/15)

Altars:
Kikubaaqudgha
Sif Muna

Shops:
D:1 (

Annotations:
D:2 Sigmund


Innate Abilities, Weirdness & Mutations

You are small and have problems with some larger weapons.
You are completely attuned to the shadows.


Message History

a - a +1 dagger (weapon)
You hit the orc wizard but do no damage.
The orc wizard is severely wounded.
The orc wizard mumbles some strange words.
The orc wizard flickers and vanishes!
Deactivating autopickup; reactivate with Ctrl-A.
You miss something. Something hits you.
You miss something. Something hits you.
You hit something but do no damage. Something hits you but does no damage.
You closely miss something. Something hits you.
You miss something. You hit something but do no damage.
Something hits you but does no damage.
You miss something. Something hits you.
* * * LOW HITPOINT WARNING * * *
You closely miss something. Something hits you but does no damage.
You hit something. Something hits you.
* * * LOW HITPOINT WARNING * * *
You hit something. Something hits you.
* * * LOW HITPOINT WARNING * * *
You completely miss something.
You hear some strange, mumbled words.
You are confused.
You hear some strange, mumbled words.
A puff of flame appears from out of thin air!
The puff of flame is repelled.
There is a fountain of clear blue water here.
A puff of flame appears from out of thin air!
The puff of flame is repelled.
There is a fountain of clear blue water here.
You're too confused to move!
You feel less confused. Something hits you but does no damage.
It was a potion of flight.
You feel very buoyant.
You fly up into the air.
Something closely misses you.
You hear some strange, mumbled words.
Something tries to affect you, but you resist.
A magic dart appears from out of thin air!
The magic dart hits you!
You die...

############
#...........
#.##..######
#######.##.......#
#.......###.####.#
#.#####.....# #.#
#.# ####### #.#
#.# ##..# #.#
#@###...+ #.#
#.##....# #..
#.#.....# ## #..
#.#.⌠.⌠.#..# #..
#.{..⌠..((_# ##.
###.⌠.⌠.#..# ####.
#.....#### #....
##....#..# #....
##..!)._###....


There were no monsters in sight!

Vanquished Creatures
  An orc wizard (D:3)
  An adder (D:3)
  A worm (D:2)
  2 dart slugs
  An orc (D:3)
  5 ball pythons
  4 endoplasms
  A giant cockroach (D:3)
  3 goblins
  8 hobgoblins
  4 quokkas
  6 bats
  3 frilled lizards (D:1)
  8 kobolds
  2 rats
50 creatures vanquished.

Notes
Turn   | Place    | Note
-------+----------+-------------------------------------------
     0 | D:1      | benadryl the Kobold Enchanter began the quest for the Orb.
     0 | D:1      | Reached XP level 1. HP: 10/10 MP: 3/3
   112 | D:1      | Found Caliquosa's Antique Weapon Emporium.
   115 | D:1      | Reached XP level 2. HP: 8/16 MP: 5/5
   591 | D:1      | Reached skill level 1 in Fighting
   838 | D:2      | Identified a scroll of acquirement
   838 | D:2      | Acquired a +3 hunting sling of freezing
  1120 | D:2      | Reached XP level 3. HP: 20/20 MP: 6/6
  1144 | D:2      | Reached skill level 5 in Stealth
  1440 | D:2      | Noticed Sigmund
  1465 | D:2      | Found a faded altar of an unknown god.
  1479 | D:2      | Upgraded the game from 0.28-a0-1389-gc726bef33b to
                  | 0.28-a0-1395-g4f6bc678fa
  2199 | D:3      | Reached XP level 4. HP: 25/25 MP: 7/7
  2785 | D:3      | Found a shimmering blue altar of Sif Muna.
  2789 | D:3      | Reached skill level 6 in Stealth
  2903 | D:3      | Found an ancient bone altar of Kikubaaqudgha.
  2933 | D:3      | Killed from afar by an orc wizard

Illustrated notes

Levels and vault maps discovered:
D:1:      lemuel_arrival_cross, layout_rooms, serial_shops, shop,
          minmay_misc_feat_rows, minmay_tromino_i2
D:2:      layout_rooms, ebering_ecumenical_altar_ruins, uniq_sigmund
D:3:      layout_basic, palyth_temple_overflow_mages

Skill      XL: |  1  2  3  4 |
---------------+-------------+-----
Short Blades   | 2 3 |  3.0
Fighting       | 1 2 |  2.0
Stealth        | 5 6 |  6.0
Dodging        | |  2.4
Spellcasting   | |  2.1
Hexes          | |  3.0

Action                   |  1- 3 |  4- 6 || total
-------------------------+-------+-------++-------
Melee: Dagger            |    59 |    16 ||    75
 Fire: Hunting sling     |    51 |    28 ||    79
  Use: Scroll            |     3 |     1 ||     4
       Potion            |     1 |     1 ||     2
 Stab: Sleeping          |     9 |       ||     9
Armor: Robe              |    10 |     4 ||    14
Dodge: Dodged            |    54 |    11 ||    65
       Repelled          |       |     2 ||     2

Table legend: (Time is in decaauts)
 A = Elapsed time spent in this place.
 B = Non-inter-level travel time spent in this place.
 C = Inter-level travel time spent in this place.
 D = Time resting spent in this place.
 E = Time spent auto-exploring this place.
 F = Levels seen in this place.
 G = Mean time per level.
                   A        B        C        D        E       F      G
               +--------+--------+--------+--------+--------+-----+--------+
         Total |   2938 |   2776 |    162 |    851 |   1293 |   3 |  979.3 |
       Dungeon |   2938 |   2776 |    162 |    851 |   1293 |   3 |  979.3 |
               +--------+--------+--------+--------+--------+-----+--------+

Top non-repeatable levels by time:
     D:1: 1366 daAuts
     D:3: 942 daAuts
     D:2: 630 daAuts
